 Dungeon Crawl Stone Soup version 0.31-a0-37-g98a128e1d9 (webtiles) character file.

Game seed: 16192551514299944553

81 BlueFish the Charlatan (level 4, -2/36 HPs)
             Began as a Draconian Artificer on May 15, 2023.
             Succumbed to Crazy Yiuf's poison
             ... on level 2 of the Dungeon on May 16, 2023.
             The game lasted 00:02:42 (1858 turns).

BlueFish the Charlatan (Draconian Artificer)        Turns: 1858, Time: 00:02:42

Health: -2/36      AC:  5    Str: 14    XL:     4   Next: 19%
Magic:  4/4        EV: 12    Int: 13    God:
Gold:   22         SH:  0    Dex: 12    Spells: 3/3 levels left

rFire   . . .        i - +2 dagger (drain)
rCold   + . .        (no shield)
rNeg    . . .        (body armour unavailable)
rPois   .            (helmet restricted)
rElec   .            (no cloak)
rCorr   .            (no gloves)
SInv    .            (no boots)
Will    .....        (no amulet)
Stlth   ++           n - ring of protection from cold
HPRegen 0.26/turn    (no ring)
MPRegen 0.09/turn

%: no passive effects
@: lethally poisoned (-2 -> -25)
A: AC +5, unfitting armour, cold-blooded
a: no special abilities


You were on level 2 of the Dungeon.
You visited 1 branch of the dungeon, and saw 2 of its levels.

You collected 22 gold pieces.

Inventory:

Hand Weapons
 a - a +0 club
 f - a +0 long sword
 i - a +2 dagger of draining (weapon)
Jewellery
 n - a ring of protection from cold (left hand)
Wands
 b - a wand of flame (15) (quivered)
 c - a wand of charming (15)
 d - a wand of iceblast (5)
Scrolls
 h - 2 scrolls of teleportation {unknown}
 l - a scroll of identify {unknown}
 o - a scroll of amnesia {unknown}
Potions
 e - 2 potions of berserk rage {unknown}
 g - 4 potions of curing {unknown}
 j - a potion of heal wounds {unknown}
 k - a potion of lignification {unknown}
 m - a potion of cancellation {unknown}


   Skills:
 + Level 2.1 Fighting
 + Level 0.8(1.1) Short Blades
 - Level 1.0(1.2) Long Blades
 + Level 2.6 Dodging
 + Level 1.9 Stealth
 + Level 3.5 Evocations


You had 3 spell levels left.
You didn't know any spells.
Your spell library contained the following spells:

 Spells                   Type           Power      Damage    Failure   Level
 Apportation              Tloc           0%         N/A       30%         1
 Ozocubu's Armour         Ice            0%         N/A       67%         3
 Summon Ice Beast         Ice/Summ       0%         N/A       97%         4
 Alistair's Intoxication  Tmut/Pois      0%         N/A       100%        5
 Metabolic Englaciation   Hex/Ice        0%         N/A       100%        5
 Summon Mana Viper        Hex/Summ       0%         N/A       100%        5
 Simulacrum               Ice/Necr       0%         N/A       100%        6
 Monstrous Menagerie      Summ           0%         N/A       100%        7


Dungeon Overview and Level Annotations

Branches:
Dungeon (2/15)

Altars:

Annotations:
D:2 Crazy Yiuf


Innate Abilities, Weirdness & Mutations

Your plain brown scales are hard. (AC +5)
You cannot fit into any form of body armour.
You are cold-blooded and may be slowed by cold attacks.


Message History

There is an open door here.
There is an open door here.
Found an escape hatch in the ceiling.
There is an escape hatch in the ceiling here.
There is an escape hatch in the floor here.
You see here a +0 hammer.
Found seven hammers.
Found a runed translucent door.
You see here a +0 hammer.
Found a hammer.
Crazy Yiuf shouts!
You see here a +0 hammer.
You see here a +0 hammer.
Found three hammers.
You see here a +0 hammer.
You open the door.
Crazy Yiuf drinks a potion.
Crazy Yiuf seems to speed up.
Crazy Yiuf hits you with a +2 quarterstaff of chaos.
You are poisoned.
Crazy Yiuf barely misses you.
There is an open translucent door here.
You completely miss Crazy Yiuf.
You feel very sick. Crazy Yiuf barely misses you.
You closely miss Crazy Yiuf.
You feel sick. Crazy Yiuf barely misses you.
You barely miss Crazy Yiuf.
You feel sick.
Crazy Yiuf hits you with a +2 quarterstaff of chaos.
Crazy Yiuf burns you. Crazy Yiuf closely misses you.
You hit Crazy Yiuf but do no damage.
You feel sick.
Crazy Yiuf whimpers, "Shower childish aubergine!"
Crazy Yiuf barely misses you.
You hit Crazy Yiuf. You drain Crazy Yiuf.
Crazy Yiuf is moderately wounded.
You feel sick.
Crazy Yiuf hits you with a +2 quarterstaff of chaos.
Crazy Yiuf draws strength from your wounds!
Crazy Yiuf hits you with a +2 quarterstaff of chaos!
* * * LOW HITPOINT WARNING * * *
You are more poisoned.
You hit Crazy Yiuf. You drain Crazy Yiuf.
Crazy Yiuf is severely wounded.
You die...

....#..<...# ##..##
###......... .##....#####
#..))# #...........
#.##...##### ##..)#
###.#..###.. #.(#.......#
##)## #.#..# #.. #.##...#####
##)# #.#..# #.. .##..#.#...#
#)## ##.#..##### ....##.#.###
##)# #..#....'P8 ##...#.#.###
#)## ##.##.####.#
####.......# #@# #..##.# #.#
...........# #)g)#
#.....####.# ###........#
#)))# #........#.. #
#####....# #).)# #####.######
# ##..># ##### #.# #..
########.### ###.# #..
....#....###############...#
#..
.####..[..#.##.............##
#.. ..#
#.....#........)........# #..


You could see Crazy Yiuf (fast, very drained).

Vanquished Creatures
  2 gnolls
  2 adders (D:2)
  A dart slug (D:1)
  5 endoplasms
  6 goblins
  4 hobgoblins
  7 kobolds
  2 quokkas (D:2)
  2 ball pythons (D:1)
  A bat (D:1)
  2 frilled lizards (D:1)
  8 rats
42 creatures vanquished.

Notes
Turn   | Place    | Note
-------+----------+-------------------------------------------
     0 | D:1      | BlueFish the Draconian Artificer began the quest for the
                  | Orb.
     0 | D:1      | Reached XP level 1. HP: 16/16 MP: 1/1
    52 | D:1      | Reached skill level 1 in Stealth
    52 | D:1      | Reached XP level 2. HP: 23/23 MP: 2/2
   325 | D:1      | Reached skill level 1 in Long Blades
   468 | D:1      | Reached XP level 3. HP: 27/29 MP: 3/3
  1016 | D:2      | Reached XP level 4. HP: 6/36 MP: 4/4
  1457 | D:2      | Found a faded altar of an unknown god.
  1847 | D:2      | Found a runed translucent door.
  1848 | D:2      | Noticed Crazy Yiuf
  1858 | D:2      | Succumbed to Crazy Yiuf's poison

Illustrated notes

Levels and vault maps discovered:
D:1:      psy_arrival_statuary, layout_basic, nicolae_grassy_gnolls
D:2:      layout_basic, shapermc_ecumenical_altar_ellora, minivault_26,
          minmay_strange_pillars, minmay_misc_feat_doors, minmay_ruptured,
          uniq_crazy_yiuf_cottage

Skill      XL: |  1  2  3 |
---------------+----------+-----
Stealth        | 1 |  1.9
Long Blades    | 1 |  1.0
Fighting       | 2 |  2.1
Short Blades   | |  0.8
Dodging        | |  2.6
Evocations     | |  3.5

Action                     |  1- 3 |  4- 6 || total
---------------------------+-------+-------++-------
  Melee: Long sword        |    54 |       ||    54
         Tailslap          |    10 |     1 ||    11
         Dagger            |    40 |    23 ||    63
   Stab: Sleeping          |     3 |       ||     3
 Armour: Skin              |    23 |     5 ||    28
  Dodge: Dodged            |    64 |    11 ||    75

Table legend: (Time is in decaauts)
 A = Elapsed time spent in this place.
 B = Non-inter-level travel time spent in this place.
 C = Inter-level travel time spent in this place.
 D = Time resting spent in this place.
 E = Time spent auto-exploring this place.
 F = Levels seen in this place.
 G = Mean time per level.
                   A        B        C        D        E       F      G
               +--------+--------+--------+--------+--------+-----+--------+
         Total |   1875 |   1855 |     20 |      0 |   1321 |   2 |  937.5 |
       Dungeon |   1875 |   1855 |     20 |      0 |   1321 |   2 |  937.5 |
               +--------+--------+--------+--------+--------+-----+--------+

Top non-repeatable levels by time:
     D:2: 1099 daAuts
     D:1: 776 daAuts
